 Dungeon Crawl Stone Soup version 0.31-a0-986-g5e6e4ef867 (webtiles) character file.

Game seed: 16518630367889901473

296 horus123 the Vexing (level 6, 0/34 HPs)
             Began as a Deep Elf Hunter on Nov 20, 2023.
             Succumbed to an adder's poison
             ... on level 4 of the Dungeon.
             The game lasted 00:05:17 (2617 turns).

horus123 the Vexing (Deep Elf Hunter)               Turns: 2617, Time: 00:05:18

Health: 0/34       AC:  3    Str:  8    XL:     6   Next: 12%
Magic:  15/15      EV: 13    Int: 16    God:
Gold:   103        SH:  0    Dex: 18    Spells: 10/15 levels left

rFire   . . .        p - +0 dagger (venom)
rCold   . . .        (no shield)
rNeg    . . .        o - +0 robe
rPois   .            (no helmet)
rElec   .            (no cloak)
rCorr   .            f - +0 pair of gloves
SInv    .            (no boots)
Will    .....        (no amulet)
Stlth   ++           (no ring)
HPRegen 0.25/turn    (no ring)
MPRegen 0.14/turn

%: no passive effects
@: lethally poisoned (0 -> -8)
A: no striking features
a: no special abilities


You were on level 4 of the Dungeon.
You visited 1 branch of the dungeon, and saw 4 of its levels.

You collected 103 gold pieces.

Inventory:

Hand Weapons
 a - a +0 shortbow
 p - a +0 dagger of venom (weapon)
Missiles
 e - 4 atropa-tipped darts
 s - 4 datura-tipped darts
Armour
 c - a +0 leather armour
 f - a +0 pair of gloves (worn)
 o - a +0 robe (worn)
Scrolls
 b - a scroll of blinking {unknown}
 d - a scroll of torment {unknown}
 g - 2 scrolls of identify {unknown}
 h - 2 scrolls of immolation {unknown}
 k - a scroll of fear {unknown}
 l - a scroll of teleportation {unknown}
 r - a scroll of poison {unknown}
 t - a scroll of enchant armour {unknown}
Potions
 i - a potion of invisibility {unknown}
 j - a potion of berserk rage {unknown}
 m - a potion of lignification {unknown}
 n - a potion of ambrosia {unknown}
 q - a potion of cancellation {unknown}


   Skills:
 - Level 1.5 Fighting
 - Level 5.3 Ranged Weapons
 - Level 2.4 Dodging
 - Level 1.2 Stealth
 - Level 5.0 Spellcasting
 + Level 0.5 Conjurations
 - Level 6.0 Hexes


You had 10 spell levels left.
You knew the following spells:

 Your Spells              Type           Power      Damage    Failure   Level
a - Dazzling Flash        Conj/Hex       28%        N/A       12%         3
b - Ensorcelled Hibernat  Hex/Ice        26%        N/A       7%          2

Your spell library contained the following spells:

 Spells                   Type           Power      Damage    Failure   Level
 Passwall                 Tmut/Erth      3%         N/A       22%         2
 Swiftness                Air            4%         N/A       41%         3
 Volatile Blastmotes      Fire/Tloc      8%         2d10      41%         3
 Starburst                Conj/Fire      2%         6d3       100%        6
 Maxwell's Capacitive Co  Air            2%         ∞         100%        8


Dungeon Overview and Level Annotations

Branches:
Dungeon (4/15)
 Temple: D:4-7

Altars:


Message History

The adder bites you.
You are poisoned.
The adder poisons you!
Fire: a) +0 shortbow
Press: ? - help, Q - select action, (/) - cycle Shift-Dir - straight line, f/p - adder
Aim: an adder (lightly wounded, 46% to hit)
You shoot an arrow.
The arrow hits the adder but does no damage.
The adder is lightly wounded.
You feel sick. The adder bites you but does no damage.
Fire: a) +0 shortbow
Press: ? - help, Q - select action, (/) - cycle Shift-Dir - straight line, f/p - adder
Aim: an adder (lightly wounded, 46% to hit)
You shoot an arrow.
The arrow hits the adder but does no damage.
The adder is lightly wounded.
You feel sick. The adder bites you.
* * * LOW HITPOINT WARNING * * *
You are lethally poisoned!
The adder poisons you! The adder closely misses you.
Fire: a) +0 shortbow
Press: ? - help, Q - select action, (/) - cycle Shift-Dir - straight line, f/p - adder
Aim: an adder (lightly wounded, 46% to hit)
You shoot an arrow. The arrow closely misses the adder.
* * * LOW HITPOINT WARNING * * *
You feel sick. The adder bites you.
* * * LOW HITPOINT WARNING * * *
You are more poisoned.
The adder poisons you!
Your +0 dagger of venom begins to drip with poison!
p - a +0 dagger of venom (weapon)
* * * LOW HITPOINT WARNING * * *
You feel sick. The adder barely misses you.
You hit the adder.
The adder is poisoned.
The adder is moderately wounded.
* * * LOW HITPOINT WARNING * * *
You feel sick. The adder bites you but does no damage.
You hit the adder but do no damage.
The adder is moderately wounded.
You die...

..........#### ..#
.............###..+
..........##.....#
................##
................#
...............#
.#.#####......# #.
#......# #
###@.#...# #S.....#
........#
.........#
..........#
#...........
#......##.##
####.... ..


You could see an adder (very poisoned).

Vanquished Creatures
  A phantom (D:4)
  A jelly (D:4)
  2 hounds (D:4)
  3 gnolls (D:3)
  3 adders
  2 worms
  A dart slug (D:3)
  3 orcs (D:4)
  5 ball pythons
  3 bats
  5 endoplasms
  5 giant cockroaches
  5 goblins
  7 hobgoblins
  2 jackals (D:3)
  7 kobolds
  3 quokkas
  3 frilled lizards
  A rat (D:2)
62 creatures vanquished.

Notes
Turn   | Place    | Note
-------+----------+-------------------------------------------
     0 | D:1      | horus123 the Deep Elf Hunter began the quest for the Orb.
     0 | D:1      | Reached XP level 1. HP: 12/12 MP: 3/3
    65 | D:1      | Found a faded altar of an unknown god.
    75 | D:1      | Reached skill level 1 in Spellcasting
   238 | D:1      | Reached XP level 2. HP: 16/16 MP: 7/7
   867 | D:2      | Reached XP level 3. HP: 20/20 MP: 10/10
   871 | D:2      | Learned a level 3 spell: Dazzling Flash
  1426 | D:3      | Reached XP level 4. HP: 25/25 MP: 12/12
  1463 | D:3      | Learned a level 2 spell: Ensorcelled Hibernation
  1508 | D:3      | Reached skill level 5 in Spellcasting
  1541 | D:3      | Reached skill level 1 in Hexes
  1750 | D:2      | Reached skill level 2 in Hexes
  1983 | D:4      | Reached skill level 3 in Hexes
  1983 | D:4      | Reached XP level 5. HP: 17/29 MP: 14/14
  2133 | D:4      | Noticed a phantom
  2150 | D:4      | Killed a phantom
  2151 | D:4      | Reached skill level 5 in Hexes
  2447 | D:4      | Reached XP level 6. HP: 3/34 MP: 15/15
  2608 | D:4      | Reached skill level 6 in Hexes
  2617 | D:4      | Succumbed to an adder's poison

Illustrated notes

Levels and vault maps discovered:
D:1:      eino_arrival_cavern_a, layout_basic, ebering_ecumenical_altar_rust
D:2:      layout_rooms
D:3:      layout_rooms
D:4:      nicolae_cairo_tiling_very_big, layout_basic, fedhas_altar_1,
          minmay_snake_closets

Skill      XL: |  1  2  3  4  5  6 |
---------------+-------------------+-----
Spellcasting   | 2 3 4 5 |  5.0
Hexes          | 3 5 6 |  6.0
Fighting       | |  1.5
Ranged Weapons | |  5.3
Dodging        | |  2.4
Stealth        | |  1.2
Conjurations   | |  0.5

Action                     |  1- 3 |  4- 6 || total
---------------------------+-------+-------++-------
  Melee: Dagger            |       |     2 ||     2
   Fire: Shortbow          |   118 |    96 ||   214
    Use: Scroll            |       |     1 ||     1
 Armour: Leather armour    |    13 |       ||    13
         Robe              |       |    45 ||    45
  Dodge: Dodged            |    16 |    44 ||    60

Table legend: (Time is in decaauts)
 A = Elapsed time spent in this place.
 B = Non-inter-level travel time spent in this place.
 C = Inter-level travel time spent in this place.
 D = Time resting spent in this place.
 E = Time spent auto-exploring this place.
 F = Levels seen in this place.
 G = Mean time per level.
                   A        B        C        D        E       F      G
               +--------+--------+--------+--------+--------+-----+--------+
         Total |   2654 |   2610 |     44 |    492 |   1615 |   4 |  663.5 |
       Dungeon |   2654 |   2610 |     44 |    492 |   1615 |   4 |  663.5 |
               +--------+--------+--------+--------+--------+-----+--------+

Top non-repeatable levels by time:
     D:1: 807 daAuts
     D:2: 702 daAuts
     D:4: 657 daAuts
     D:3: 486 daAuts
